 Dungeon Crawl Stone Soup version 0.31-a0-596-g831eee08f1 (webtiles) character file.

Game seed: 7728677198264529671

1080 BubbleThief the Ruffian (level 8, 0/58 HPs)
             Began as an Octopode Shapeshifter on Aug 21, 2023.
             Was an Initiate of Wu Jian.
             Slain by a troll (12 damage)
             ... on level 6 of the Dungeon.
             The game lasted 00:05:26 (4019 turns).

BubbleThief the Ruffian (Octopode Shapeshifter)     Turns: 4019, Time: 00:05:27

Health: 0/58       AC:  1    Str: 16    XL:     8   Next: 29%
Magic:  8/8        EV: 13    Int: 11    God:    Wu Jian [......]
Gold:   242        SH:  0    Dex: 12    Spells: 7/7 levels left

rFire   . .          .
                       - Unarmed
rCold   . . .        (no shield)
rNeg    . . .        (helmet currently unavailable)
rPois   .            (no amulet)
rElec   .            (no ring)
rCorr   .            (no ring)
SInv    .            (no ring)
Will    .....        (no ring)
Stlth   ++           (no ring)
HPRegen 0.29/turn    (no ring)
MPRegen 0.11/turn    (no ring)
                     (no ring)

%: no passive effects
@: beast-form
A: beast (slay +2), almost no armour, amphibious, 8 rings, camouflage 1,
gelatinous body 1, (nimble swimmer 1), tentacles
a: Begin Untransformation, Renounce Religion


You were on level 6 of the Dungeon.
You worshipped Wu Jian.
Wu Jian was noncommittal.
You were a hulking beast.
You visited 2 branches of the dungeon, and saw 7 of its levels.

You collected 242 gold pieces.

Inventory:

Jewellery
 r - a +4 ring of protection
Talismans
 b - a beast talisman (active)
 c - a flux talisman
Scrolls
 e - a scroll of fog {unknown}
 g - 2 scrolls of poison {unknown}
 h - 2 scrolls of identify {unknown}
 i - a scroll of revelation {unknown}
 j - a scroll of enchant weapon {unknown}
 k - a scroll of butterflies {unknown}
 l - a scroll of fear {unknown}
 n - 2 scrolls of vulnerability {unknown}
 p - a scroll of immolation {unknown}
 q - a scroll of noise {unknown}
Potions
 a - a potion of lignification
 d - 2 potions of mutation {unknown}
 f - 2 potions of attraction {unknown}
 m - a potion of heal wounds {unknown}
 o - a potion of brilliance {unknown}
 s - 2 potions of curing {unknown}
 t - a potion of berserk rage {unknown}
 u - 2 potions of might {unknown}
 v - a potion of ambrosia {unknown}


   Skills:
 + Level 6.7 Fighting
 - Level 2.0 Dodging
 + Level 7.3 Unarmed Combat
 - Level 3.0 Shapeshifting


You had 7 spell levels left.
You didn't know any spells.
Your spell library contained the following spells:

 Spells                   Type           Power      Damage    Failure   Level
 Manifold Assault         Tloc           0%         N/A       98%         4
 Dispersal                Tloc           0%         N/A       100%        6
 Disjunction              Tloc           0%         N/A       100%        8


Dungeon Overview and Level Annotations

Branches:
Dungeon (6/15)             Temple (1/1) D:4

Altars:
Ashenzari
Cheibriados
Dithmenos
Elyvilon
Fedhas
Gozag
Hepliaklqana
Kikubaaqudgha
Nemelex Xobeh
Okawaru
Qazlal
Ru
Uskayaw
Vehumet
Wu Jian
Xom
Yredelemnul
Zin
The Shining One

Shops:
D:4 (


Innate Abilities, Weirdness & Mutations

You are a hulking beast.
Your limbs bulge with bestial killing power. (Slay +2)
You cannot wear most types of armour.
You are amphibious.
You can wear up to eight rings at the same time.
Your skin changes colour to match your surroundings (Stealth+).
Your rubbery body absorbs attacks. (AC +1, EV +1)
((You are camouflaged when in or above water. (Stealth+)))
You have tentacles for arms and can constrict up to eight enemies at once.


Message History

You slide downwards.
The hatch slams shut behind you.
Found a purple potion and a fuming clear potion.
No target in view!
No target in view!
s - 2 purple potions (gained 1)
v - a fuming clear potion
Found 3 stones.
An ufetubus comes into view.
The ufetubus shouts!
An ufetubus is nearby!
An ufetubus is nearby!
You barely miss the ufetubus. Your grab misses the ufetubus.
The ufetubus closely misses you. The ufetubus barely misses you.
You bludgeon the ufetubus!
You kill the ufetubus!
The Council accepts your kill.
No target in view!
A troll comes into view.
A troll is nearby!
A troll is nearby!
The troll shouts!
You lunge at the troll.
You tentacle-slap the troll but do no damage.
You squeeze the troll!
The troll is moderately wounded.
The troll misses you. The troll closely misses you. The troll claws you.
You tentacle-slap the troll.
The troll is moderately wounded.
The troll bites you!! The troll claws you! The troll claws you.
You are too injured to fight recklessly!
You are too injured to fight recklessly!
You closely miss the troll. Your squeeze misses the troll.
The troll is moderately wounded.
The troll barely misses you. x2; The troll claws you!
* * * LOW HITPOINT WARNING * * *
Unknown command.
You bludgeon the troll! You squeeze the troll!
The troll is almost dead.
The troll bites you!
You die...

.# .# .##. .#
..#. .# ....# .#
#..# .#
#..######.# #
#.........#...#
#......hT.....#
##.##.######.#...
#............# #
#...#.######.
#...#...
#...##.... #...#
...... #...#
#(.... #####
#.###


You could see a troll.

Vanquished Creatures
  Menkaure (D:4)
  An ogre (D:4)
  A black bear (D:5)
  A phantom (D:4)
  2 scorpions (D:4)
  5 hounds (D:5)
  3 orc priests
  An iguana (D:4)
  3 orc wizards (D:5)
  A howler monkey zombie (D:3)
  3 gnolls (D:2)
  7 adders
  An ufetubus (D:6)
  2 worms (D:4)
  5 dart slugs
  19 orcs
  4 endoplasms
  6 giant cockroaches
  6 hobgoblins
  8 jackals
  5 quokkas
  8 ball pythons
  6 bats
  A frilled lizard (D:1)
  13 goblins
  8 kobolds
  2 quokka zombies (D:3)
  7 rats
  A spectral orc (D:4)
131 creatures vanquished.

Notes
Turn   | Place    | Note
-------+----------+-------------------------------------------
     0 | D:1      | BubbleThief the Octopode Shapeshifter began the quest for
                  | the Orb.
     0 | D:1      | Reached XP level 1. HP: 13/13 MP: 1/1
    52 | D:1      | Reached XP level 2. HP: 15/18 MP: 2/2
   368 | D:1      | Reached XP level 3. HP: 24/24 MP: 3/3
   828 | D:2      | Reached skill level 4 in Unarmed Combat
   828 | D:2      | Reached XP level 4. HP: 30/30 MP: 4/4
  1572 | D:3      | Reached XP level 5. HP: 36/36 MP: 5/5
  1640 | D:3      | Found a glowing silver altar of Zin.
  1773 | D:3      | Found a basalt altar of Yredelemnul.
  1811 | D:3      | Found an opulent altar of Gozag.
  1901 | D:3      | Identified the +3 hand axe of the Warrior {drain, Fly rC+}
  1936 | D:3      | Reached skill level 5 in Unarmed Combat
  1936 | D:3      | Reached XP level 6. HP: 12/43 MP: 6/6
  2405 | D:4      | Reached skill level 5 in Fighting
  2405 | D:4      | Reached XP level 7. HP: 46/50 MP: 7/7
  2423 | D:4      | Found Tostyec's Antique Weapon Shoppe.
  2571 | D:4      | Reached skill level 6 in Unarmed Combat
  2620 | D:4      | Noticed Menkaure
  2625 | D:4      | Killed Menkaure
  2838 | D:4      | Found a staircase to the Ecumenical Temple.
  2855 | Temple   | Entered the Ecumenical Temple
  2945 | D:4      | Found a hazy altar of Hepliaklqana.
  3115 | D:5      | Entered Level 5 of the Dungeon
  3322 | D:5      | Reached skill level 7 in Unarmed Combat
  3322 | D:5      | Reached XP level 8. HP: 44/58 MP: 8/8
  3579 | D:5      | Found an ornate altar of the Wu Jian Council.
  3856 | D:5      | Found a sparkling altar of Nemelex Xobeh.
  3975 | D:5      | Became a worshipper of the Wu Jian Council
  4011 | D:6      | Noticed a troll
  4019 | D:6      | Slain by a troll

Illustrated notes

Levels and vault maps discovered:
D:1:      dpeg_arrival_radiant, layout_basic
D:2:      layout_loops_cross, minmay_tree_intersection
D:3:      layout_basic, zin_treasury, nicolae_yredelemnul_corpse_copse,
          mainiacjoe_overflow_concentric_impassable
D:4:      cheibrodos_helix_gallery, layout_basic,
          nicolae_hepliaklqana_monster_ancestors,
          minmay_temple_entry_drinking_statues, serial_shops,
          nicolae_shop_advertising_works [nicolae_subvault_shop_adworks],
          uniq_menkaure
D:5:      layout_cave_pools, lemuel_coloured_pillars_altar,
          nicolae_wu_jian_wuxing_cycle
D:6:      layout_basic, serial_shops, kennysheep_little_box,
          uniq_crazy_yiuf_cottage
Temple:   compressed_dpeg_triangle_lava_temple

Skill      XL: |  1  2  3  4  5  6  7 |
---------------+----------------------+-----
Fighting       | 2 3 4 5 6 |  6.7
Unarmed Combat | 4 5 7 |  7.3
Dodging        | |  2.0
Shapeshifting  | |  3.0

Action                     |  1- 3 |  4- 6 |  7- 9 || total
---------------------------+-------+-------+-------++-------
  Melee: Unarmed           |    63 |   107 |   100 ||   270
         Constrict         |    15 |    26 |    25 ||    66
         Tentacles         |     5 |    22 |    16 ||    43
         Punch             |     2 |     5 |     4 ||    11
Ability: Lunge             |       |       |     1 ||     1
   Stab: Sleeping          |     4 |     1 |     4 ||     9
 Armour: Skin              |     5 |     6 |     1 ||    12
  Dodge: Dodged            |    34 |    50 |    56 ||   140

Table legend: (Time is in decaauts)
 A = Elapsed time spent in this place.
 B = Non-inter-level travel time spent in this place.
 C = Inter-level travel time spent in this place.
 D = Time resting spent in this place.
 E = Time spent auto-exploring this place.
 F = Levels seen in this place.
 G = Mean time per level.
                   A        B        C        D        E       F      G
               +--------+--------+--------+--------+--------+-----+--------+
         Total |   3993 |   3836 |    157 |      0 |   3099 |   7 |  570.4 |
       Dungeon |   3985 |   3828 |    157 |      0 |   3099 |   6 |  664.2 |
        Temple |      7 |      7 |      0 |      0 |      0 |   1 |    7.0 |
               +--------+--------+--------+--------+--------+-----+--------+

Top non-repeatable levels by time:
     D:4: 899 daAuts
     D:5: 867 daAuts
     D:3: 791 daAuts
     D:1: 711 daAuts
     D:2: 687 daAuts
     D:6: 28 daAuts
  Temple: 7 daAuts
